 Dungeon Crawl Stone Soup version 0.27-a0-1049-g450f9b2e0d (webtiles) character file.

Game seed: 8756025876599744724

17558 EnegeticOcto the Cleaver (level 12, -4/112 HPs)
             Began as a Deep Dwarf Fighter on Apr 20, 2021.
             Was a Believer of Makhleb.
             Slain by a death knight
             ... wielding a +4 glaive
              (14 damage)
             ... on level 12 of the Dungeon.
             The game lasted 00:07:58 (8745 turns).

EnegeticOcto the Cleaver (Deep Dwarf Fighter)       Turns: 8745, Time: 00:07:59

Health: -4/112     AC: 36    Str: 25    XL:     12   Next: 19%
Magic:  4/4        EV:  6    Int: 16    God:    Makhleb [**....]
Gold:   679        SH: 12    Dex: 15    Spells: 11/11 levels left

rFire    + . .     SeeInvis .   a - +1 war axe (venom)
rCold    x . .     Faith    +   c - +0 kite shield
rNeg     . . .     Spirit   .   G - +6 plate armour of Lethargy {rElec rF+ rC-}
rPois    +         Reflect  .   A - +0 helmet
rElec    +         Harm     .   (no cloak)
rCorr    .         Rampage  .   D - +2 pair of gloves
Will     +....                  q - +2 pair of boots {Fly}
Stlth    ..........             e - amulet of Cuykh {Faith rPois}
HPRegen  0.00/turn              b - +4 ring of protection
MPRegen  0.09/turn              z - ring of Nannoo {Fly AC+4 Int+7 Dex+3}

@: flying, non-regenerating, slowed, very slow
A: damage resistance, heal wounds, sense surroundings 2, no regeneration
a: Heal Wounds, Renounce Religion, Minor Destruction


You were on level 12 of the Dungeon.
You worshipped Makhleb.
Makhleb was pleased with you.
You visited 2 branches of the dungeon, and saw 13 of its levels.
You also visited: Gauntlet.

You collected 679 gold pieces.

Inventory:

Hand Weapons
 a - a +1 war axe of venom (weapon)
Missiles
 k - 3 throwing nets (quivered)
Armour
 c - a +0 kite shield (worn)
 q - a +2 pair of boots of flying (worn)
 A - a +0 helmet (worn)
 D - a +2 pair of gloves (worn)
 G - the +6 plate armour of Lethargy (worn) {rElec rF+ rC-}
   (You found it on level 8 of the Dungeon)

   It protects you from fire.
   It makes you vulnerable to cold.
   It insulates you from electricity.
Jewellery
 b - a +4 ring of protection (left hand)
 e - the amulet of Cuykh (around neck) {Faith rPois}
   (You acquired it on level 4 of the Dungeon)

   [amulet of faith]

   It allows you to gain divine favour quickly.
   It protects you from poison.
 l - a ring of magical power
 z - the ring of Nannoo (right hand) {Fly AC+4 Int+7 Dex+3}
   (You found it on level 6 of the Dungeon)

   [ring of protection]

   It affects your AC (+4).
   It affects your intelligence (+7).
   It affects your dexterity (+3).
   It grants you flight.
 B - a ring of resist corrosion
Wands
 m - a wand of paralysis (9)
 x - a wand of acid (3) {@v1}
 y - a wand of charming (6)
 F - a wand of polymorph (7)
Scrolls
 f - 2 scrolls of fog
 i - 5 scrolls of teleportation {@r3}
 t - a scroll of fear
 w - a scroll of enchant weapon
Potions
 d - a potion of might {@q3}
 g - 3 potions of lignification
 h - 3 potions of haste {@q4}
 n - 2 potions of cancellation
 o - 2 potions of brilliance
 p - 3 potions of mutation
 r - 3 potions of curing {@q1}
 s - 2 potions of invisibility
 u - a potion of ambrosia
 v - a potion of magic
Miscellaneous
 V - a condenser vane (inert)


   Skills:
 + Level 8.4 Fighting
 * Level 13.1 Axes
 + Level 10.0 Armour
 + Level 10.0 Shields
 * Level 8.2 Invocations


You had 11 spell levels left.
You didn't know any spells.
Your spell library was empty.

Dungeon Overview and Level Annotations

Branches:
Dungeon (12/15)            Temple (1/1) D:4            Lair (0/6) D:11
    Orc (0/2) D:9         Gauntlet (visited)

Altars:
Ashenzari
Cheibriados
Dithmenos
Elyvilon
Fedhas
Gozag
Hepliaklqana
Kikubaaqudgha
Makhleb
Nemelex Xobeh
Okawaru
Qazlal
Ru
Sif Muna
Trog
Uskayaw
Vehumet
Wu Jian
Xom
Yredelemnul
Zin
The Shining One
Lugonu

Shops:
D:4 (   D:5 *

Annotations:
D:3 2 transporters, tsouns's ghost, amateur DsIE
D:6 3 runed translucent doors, exclusion: statue, harkrass's ghost, amateur MiFi
D:7 3 runed translucent doors, ma3's ghost, novice DrAE
D:11 1 runed translucent door, Anon1729's ghost, journeyman DjCj


Innate Abilities, Weirdness & Mutations

You are resistant to damage.
You can heal yourself by infusing magical energy.
You passively map the area around you.
You do not regenerate.


Message History

The orc closely misses you.
The freezing wraith hits you but does no damage.
You block the freezing wraith's attack. The wraith hits you but does no damage.
The death knight hits you from afar with a +4 glaive!!
The freezing wraith hits you but does no damage. x2
You block the orc's attack.
Aiming: Corrosive Bolt
Press: ? - help, Shift-Dir - straight line, f/p - death knight
Aim: a death knight, wielding a +4 glaive and wearing a +0 chain mail (lightly wounded, covered in acid, 71% to hit)
The bolt of acid misses the wraith.
The bolt of acid hits the death knight!
The death knight is splashed with acid.
The death knight is moderately wounded.
You block the wraith's attack. The death knight barely misses you.
You block the orc's attack.
The freezing wraith hits you but does no damage. x2
The wraith barely misses you. You block the death knight's attack.
Aiming: Corrosive Bolt
Press: ? - help, Shift-Dir - straight line, f/p - death knight
Aim: a death knight, wielding a +4 glaive and wearing a +0 chain mail (moderately wounded, covered in acid, 71% to hit)
The bolt of acid hits the wraith!
The wraith is splashed with acid.
You destroy the wraith!
Makhleb accepts your kill.
You feel better.
The bolt of acid hits the death knight!
The death knight is splashed with acid.
The death knight is heavily wounded.
The orc barely misses you.
The freezing wraith hits you but does no damage.
You block the freezing wraith's attack.
The death knight hits you from afar with a +4 glaive!!
The orc hits you but does no damage. The freezing wraith closely misses you.
The freezing wraith hits you but does no damage.
The death knight hits you with a +0 great mace.
Aiming: Corrosive Bolt
Press: ? - help, Shift-Dir - straight line, f/p - death knight
Aim: a death knight, wielding a +4 glaive and wearing a +0 chain mail (heavily wounded, covered in acid, 71% to hit)
The bolt of acid hits the death knight!
The death knight is splashed with acid.
The acid corrodes the death knight!
The death knight is heavily wounded.
The bolt of acid hits the death knight!
The death knight is splashed with acid.
The death knight seems to be corroded for longer.
The death knight is severely wounded.
The death knight hits you from afar with a +4 glaive!
You block the orc's attack.
The freezing wraith hits you but does no damage.
You block the freezing wraith's attack.
The death knight hits you with a +0 great mace.
You block the death knight's attack.
Your magical essence is drained by the effort!
You feel much better. You block the orc's attack.
The freezing wraith completely misses you.
You block the freezing wraith's attack.
The death knight hits you with a +0 great mace!
The death knight hits you but does no damage.
The orc hits you but does no damage.
The freezing wraith hits you but does no damage. x2
The death knight calls down the wrath of Yredelemnul upon you.
You resist with some effort.
Aiming: Corrosive Bolt
Press: ? - help, Shift-Dir - straight line, f - orc, p - death knight
Aim: an orc, wielding a +0 hand axe (71% to hit)
The bolt of acid misses the freezing wraith.
The bolt of acid hits the orc!
The orc is splashed with acid!
The acid corrodes the orc!
You kill the orc!
Makhleb accepts your kill.
You feel better. You block the death knight's attack.
You block the freezing wraith's attack.
The freezing wraith hits you but does no damage.
You block the orc's attack.
The death knight hits you but does no damage. x2
You barely miss the freezing wraith.
The freezing wraith is heavily damaged.
You slash the death knight!
The death knight is poisoned.
You block the orc's attack. You block the freezing wraith's attack.
The freezing wraith hits you but does no damage.
You block the death knight's attack.
The death knight hits you from afar with a +4 glaive!
The orc hits you but does no damage. The freezing wraith barely misses you.
The freezing wraith hits you but does no damage.
The death knight hits you but does no damage.
You slash the death knight!
The death knight looks as sick as possible!
The death knight is heavily wounded.
Your plate armour of Lethargy prevents you from hitting the freezing wraith.
You block the death knight's attack. The orc hits you but does no damage.
The freezing wraith hits you but does no damage. x2
The death knight barely misses you.
You hit the death knight but do no damage.
The death knight looks as sick as possible!
The death knight is heavily wounded.
You slash the freezing wraith! You block the death knight's attack.
The orc hits you but does no damage. The freezing wraith hits you!
The freezing wraith freezes you!!
You feel a terrible chill!
* * * LOW HITPOINT WARNING * * *
The freezing wraith hits you but does no damage.
The death knight calls down the wrath of Yredelemnul upon you.
Your body is wracked with pain!
* * * LOW HITPOINT WARNING * * *
The death knight hits you from afar with a +4 glaive!
You die...

,,
........†)...<.)......
,* * ,,
.$.................#..
, *
,........)..........# >
*
,.....#p.)...........#,
,
,.....#...........$.##
, ##.. ###...........#
## #.)po......)## *
##Wp.9......#
#@#.##...... #####
...... * * #... *.## *
*#


You could see 2 death knights, a freezing wraith, a gargoyle and an orc.

Vanquished Creatures
  A minotaur (Gauntlet)
  A green death (Gauntlet)
  A great orb of eyes (Gauntlet)
  A hydra (D:12)
  2 boulder beetles
  2 two-headed ogres
  Sonja (D:12)
  Pikel (D:8)
  2 ugly things (Gauntlet)
  A cyclops (D:9)
  A manticore (D:12)
  An orange demon (Gauntlet)
  2 gargoyles
  Maggie (D:6)
  A troll (D:11)
  Prince Ribbit (D:6)
  Grinder (D:6)
  A hornet (D:9)
  Sigmund (D:3)
  3 flying skulls (Gauntlet)
  3 wraiths
  2 shadows
  3 wyverns
  12 yaks
  A steam dragon (D:8)
  2 acid dragons
  2 water moccasins
  A hornet zombie (D:2)
  3 sky beasts
  2 orc warriors
  An ice beast (D:7)
  A necrophage (D:5)
  3 ogres
  5 centaurs
  A phantom (D:4)
  A lemure (D:8)
  Blork the orc (D:5)
  3 kobold brigands
  3 scorpions
  A bullfrog (D:9)
  5 killer bees (D:10)
  3 wights (D:8)
  5 electric eels (D:10)
  A howler monkey (D:6)
  2 centaur zombies
  3 hounds
  2 bullfrog zombies
  3 jellies
  A centaur skeleton (D:5)
  3 orc priests
  An iron imp (D:5)
  3 gnoll shamans
  3 iguanas
  5 orc wizards
  A killer bee zombie (D:6)
  2 howler monkey zombies
  15 gnolls
  9 adders
  A white imp (D:5)
  2 ufetubi
  A dart slug (D:5)
  13 orcs
  7 endoplasms
  5 giant cockroaches
  3 goblins
  6 hobgoblins
  15 jackals
  18 kobolds
  5 ball pythons
  4 bats
  5 frilled lizards
  A goblin zombie (D:5)
  3 hobgoblin zombies (D:5)
  3 orc skeletons (D:5)
  10 rats
246 creatures vanquished.

Vanquished Creatures (others)
  A centaur (D:12)
  A quokka (D:7)
  4 demonic plants (Gauntlet)
  8 fungi (Gauntlet)
  29 plants
43 creatures vanquished.

Grand Total: 289 creatures vanquished

Notes
Turn   | Place    | Note
-------+----------+-------------------------------------------
     0 | D:1      | EnegeticOcto the Deep Dwarf Fighter began the quest for the
                  | Orb.
     0 | D:1      | Reached XP level 1. HP: 20/20 MP: 1/1
   122 | D:1      | Reached XP level 2. HP: 16/27 MP: 2/2
   156 | D:2      | Reached skill level 3 in Axes
   156 | D:2      | Reached XP level 3. HP: 18/33 MP: 2/2
   255 | D:2      | Reached skill level 4 in Axes
   255 | D:2      | Reached XP level 4. HP: 21/42 MP: 2/2
   255 | D:2      | Reached XP level 5. HP: 25/49 MP: 3/3
   587 | D:3      | Noticed Sigmund
   612 | D:3      | Killed Sigmund
   613 | D:3      | Reached skill level 5 in Axes
   613 | D:3      | Reached XP level 6. HP: 22/57 MP: 4/4
   663 | D:3      | Found a transporter.
   663 | D:3      | Noticed tsouns's ghost (amateur DsIE)
   685 | D:3      | Found a sacrificial altar of Ru.
   836 | D:3      | Found a transporter.
   933 | D:4      | Identified a scroll of acquirement
   933 | D:4      | Acquired the amulet of Cuykh {Faith rPois}
   977 | D:4      | Found Ovenn's Antique Weapon Shop.
   999 | D:4      | Found a sparkling altar of Nemelex Xobeh.
  1032 | D:4      | Found a snail-covered altar of Cheibriados.
  1094 | D:4      | Reached XP level 7. HP: 48/64 MP: 5/5
  1161 | D:4      | Reached skill level 5 in Armour
  1161 | D:4      | Reached skill level 5 in Shields
  1278 | D:4      | Reached skill level 6 in Axes
  1346 | D:4      | Found a staircase to the Ecumenical Temple.
  1355 | Temple   | Entered the Ecumenical Temple
  2734 | D:5      | Entered Level 5 of the Dungeon
  2808 | D:5      | Found a glowing golden altar of the Shining One.
  2814 | D:5      | Reached XP level 8. HP: 40/73 MP: 5/5
  2824 | D:5      | Reached skill level 7 in Axes
  3023 | D:5      | Reached skill level 5 in Fighting
  3108 | D:5      | Noticed Blork the orc
  3111 | D:5      | Found a hazy altar of Hepliaklqana.
  3119 | D:5      | Killed Blork the orc
  3224 | D:5      | Found Wolo's Elemental Accessories.
  3799 | D:6      | Found a runed translucent gate.
  3800 | D:6      | Found a runed translucent gate.
  3802 | D:6      | Found a runed translucent gate.
  3809 | D:6      | Noticed harkrass's ghost (amateur MiFi)
  3819 | D:6      | Noticed Grinder
  3826 | D:6      | Reached skill level 8 in Axes
  3829 | D:6      | Killed Grinder
  3849 | D:6      | Noticed Prince Ribbit
  3867 | D:6      | Killed Prince Ribbit
  3868 | D:6      | Gained mutation: You passively map the area around you.
                  | [Deep Dwarf growth]
  3868 | D:6      | Reached XP level 9. HP: 50/81 MP: 6/6
  3917 | D:6      | Found a radiant altar of Vehumet.
  4025 | D:6      | Found an iron altar of Okawaru.
  4029 | D:6      | Noticed Maggie
  4066 | D:6      | Killed Maggie
  4067 | D:6      | Reached skill level 9 in Axes
  4337 | D:6      | Identified the ring of Nannoo {Fly AC+4 Int+7 Dex+3}
  4383 | D:6      | Noticed a two-headed ogre
  4395 | D:6      | Killed a two-headed ogre
  4414 | D:6      | Reached skill level 10 in Axes
  4434 | D:6      | Noticed a boulder beetle
  4711 | D:6      | Killed a boulder beetle
  4712 | D:6      | Reached XP level 10. HP: 51/92 MP: 1/1
  4895 | D:7      | Noticed ma3's ghost (novice DrAE)
  4935 | D:7      | Found a runed translucent gate.
  4935 | D:7      | Found a runed translucent gate.
  4935 | D:7      | Found a runed translucent gate.
  5004 | D:7      | Acquired a +2 pair of boots of flying
  5040 | D:7      | Found a white marble altar of Elyvilon.
  5298 | D:7      | Found a shimmering blue altar of Sif Muna.
  5446 | D:8      | Noticed Pikel
  5461 | D:8      | Killed Pikel
  5467 | D:8      | Found a bloodstained altar of Trog.
  5484 | D:8      | Found an ornate altar of the Wu Jian Council.
  5576 | D:8      | Identified the +6 plate armour of Lethargy {rElec rF+ rC-}
  6012 | D:8      | Reached skill level 11 in Axes
  6382 | D:9      | Found a burning altar of Makhleb.
  6383 | D:9      | Noticed a cyclops
  6393 | D:9      | Became a worshipper of Makhleb the Destroyer
  6402 | D:9      | Reached skill level 1 in Invocations
  6447 | D:9      | Killed a cyclops
  6448 | D:9      | Reached XP level 11. HP: 59/100 MP: 1/3
  6877 | D:9      | Found a staircase to the Orcish Mines.
  7109 | D:10     | Entered Level 10 of the Dungeon
  7124 | D:10     | Reached * piety under Makhleb
  7162 | D:10     | Found a broken altar of Ashenzari.
  7244 | D:10     | Found a stormy altar of Qazlal.
  7345 | D:10     | Found a shadowy altar of Dithmenos.
  7525 | D:10     | Reached skill level 12 in Axes
  7618 | D:10     | Found a hide-covered altar of Uskayaw.
  7724 | D:11     | Found a staircase to the Lair.
  7744 | D:11     | Noticed a two-headed ogre
  7752 | D:11     | Killed a two-headed ogre
  7911 | D:11     | Found a gate leading to a gauntlet.
  7985 | D:11     | Reached skill level 5 in Invocations
  8038 | Gauntlet | Entered a Gauntlet
  8038 | Gauntlet | Found a transporter.
  8038 | Gauntlet | Found a transporter.
  8038 | Gauntlet | Found a transporter.
  8038 | Gauntlet | Noticed a tengu warrior
  8047 | Gauntlet | Found a transporter.
  8084 | Gauntlet | Found a transporter.
  8095 | Gauntlet | Noticed a great orb of eyes
  8107 | Gauntlet | Noticed a cyan ugly thing
  8111 | Gauntlet | Noticed a brown ugly thing
  8117 | Gauntlet | Found a transporter.
  8120 | Gauntlet | Found a transporter.
  8131 | Gauntlet | Killed a great orb of eyes
  8136 | Gauntlet | Killed a cyan ugly thing
  8143 | Gauntlet | Killed a brown ugly thing
  8143 | Gauntlet | Reached ** piety under Makhleb
  8154 | Gauntlet | Noticed a great orb of eyes
  8160 | Gauntlet | Noticed a green death
  8171 | Gauntlet | Found a transporter.
  8193 | Gauntlet | Killed a green death
  8224 | Gauntlet | Found a transporter.
  8234 | Gauntlet | Noticed a minotaur
  8253 | Gauntlet | Killed a minotaur
  8384 | D:11     | Noticed a boulder beetle
  8393 | D:11     | Killed a boulder beetle
  8394 | D:11     | Reached XP level 12. HP: 101/111 MP: 5/5
  8422 | D:11     | Found a runed translucent door.
  8424 | D:11     | Found a shimmering altar of Xom.
  8424 | D:11     | Noticed Anon1729's ghost (journeyman DjCj)
  8670 | D:12     | Noticed a four-headed hydra
  8682 | D:12     | Noticed Sonja
  8697 | D:12     | Killed an eight-headed hydra
  8697 | D:12     | Noticed a death knight
  8698 | D:12     | Killed Sonja
  8699 | D:12     | Reached skill level 13 in Axes
  8699 | D:12     | Reached skill level 10 in Shields
  8702 | D:12     | Noticed a death knight
  8703 | D:12     | Reached skill level 10 in Armour
  8745 | D:12     | Slain by a death knight

Illustrated notes

Levels and vault maps discovered:
D:1:      elethiomel_arrival_quiet, layout_rooms
D:2:      layout_loops_ring, hellmonk_ecumenical_altar_inner_sanctum
D:3:      layout_basic, nicolae_ru_great_annihilating_truth,
          gammafunk_ghost_mausoleum, uniq_sigmund
D:4:      layout_layer_cave, nemelex_diamond_rough_becter,
          nicolae_overflow_crystal_walls, lemuel_temple_firewalk_a,
          serial_shops, nicolae_shop_behind_doors, minivault_27,
          lexackson_kobold_supper
D:5:      layout_basic, nicolae_tso_besieged_by_evil, pf_just_have_faith,
          nicolae_elemental_shop, uniq_blork_the_orc
D:6:      layout_loops_ring, vehumet_statue, okawaru_metal_pillars_1_2,
          gammafunk_ghost_necromancy, dk_noncrumbling_4, minmay_three_doors,
          uniq_prince_ribbit1, uniq_maggie, uniq_grinder
D:7:      layout_basic, elyvilon_altar_4, led_sif_pool, gammafunk_ghost_icy
D:8:      layout_basic, old_standard_altar, kennysheep_mini_moat, uniq_pikel
D:9:      layout_irregular_city, lemuel_crystal_altar, orc_0_dummy,
          minmay_misc_feat_columns, grunt_ogre_cave, kennysheep_generic_room_14
D:10:     layout_basic, overflow_temple_1_default,
          nicolae_dithmenos_the_darkroom, grunt_qazlal_sundering,
          ashenzari_conservatory_becter
D:11:     layout_gridville, lair_entry_dummy, gauntlet_entry_generic,
          ebering_ghost_xom
D:12:     layout_cave_pools, gammafunk_ghost_grave, uniq_sonja
Temple:   corrupted_temple

Skill      XL: |  1  2  3  4  5  6  7  8  9 10 11 12 |
---------------+-------------------------------------+-----
Axes           | 3 4 5 6 8 10 11 12 13 | 13.1
Fighting       | 3 4 5 6 7 8 |  8.4
Armour         | 4 5 6 7 9 10 | 10.0
Shields        | 4 5 6 7 9 10 | 10.0
Invocations    | 2 7 8 |  8.2

Action                   |  1- 3 |  4- 6 |  7- 9 | 10-12 || total
-------------------------+-------+-------+-------+-------++-------
Melee: War axe           |    77 |   129 |   454 |   485 ||  1145
Throw: Dart              |       |       |     1 |     1 ||     2
Invok: Minor Destruction |       |       |       |     6 ||     6
 Abil: Heal Wounds       |     8 |     5 |    34 |    32 ||    79
Evoke: Wand              |       |       |       |     6 ||     6
       Condenser vane    |       |       |       |     1 ||     1
  Use: Scroll            |       |     5 |     6 |    17 ||    28
       Potion            |       |       |       |     2 ||     2
 Stab: Paralysed         |       |     1 |       |       ||     1
       Confused          |       |       |       |     3 ||     3
Armor: Scale mail        |    39 |    43 |   100 |       ||   182
       Swamp dragon scal |       |       |    33 |    26 ||    59
       Plate armour      |       |       |       |   384 ||   384
Dodge: Dodged            |    23 |    55 |   209 |   211 ||   498
Block: Kite shield       |    44 |    74 |   279 |   423 ||   820

Table legend: (Time is in decaauts)
 A = Elapsed time spent in this place.
 B = Non-inter-level travel time spent in this place.
 C = Inter-level travel time spent in this place.
 D = Time resting spent in this place.
 E = Time spent auto-exploring this place.
 F = Levels seen in this place.
 G = Mean time per level.
                   A        B        C        D        E       F      G
               +--------+--------+--------+--------+--------+-----+--------+
         Total |   8986 |   8617 |    369 |    100 |   6128 |  14 |  641.9 |
       Dungeon |   8729 |   8360 |    369 |    100 |   6071 |  12 |  727.4 |
        Temple |     41 |     41 |      0 |      0 |     29 |   1 |   41.0 |
      Gauntlet |    215 |    215 |      0 |      0 |     28 |   1 |  215.0 |
               +--------+--------+--------+--------+--------+-----+--------+

Top non-repeatable levels by time:
     D:4: 1400 daAuts
     D:6: 1118 daAuts
     D:5: 1006 daAuts
     D:8: 862 daAuts
     D:9: 842 daAuts
     D:3: 830 daAuts
    D:11: 715 daAuts
     D:7: 644 daAuts
    D:10: 615 daAuts
     D:2: 463 daAuts
Gauntlet: 215 daAuts
     D:1: 151 daAuts
    D:12: 79 daAuts
  Temple: 41 daAuts
